 Dungeon Sprint DCSS version 0.23.2-33-g5129a83184 (webtiles) character file.

Game seed: 10800057488592433805

9200000 epen the Champion of Chaos (level 27, -6/249 HPs)
             Began as a Gnoll Wanderer on June 26, 2019.
             Was the Champion of Makhleb.
             Killed by divine providence
             ... invoked by an observer
              (13 damage)
             ... in the Dungeon (Sprint VIII: "Arena of Blood").
             The game lasted 00:03:14 (92 turns).

epen the Champion of Chaos (Gnoll Wanderer)           Turns: 92, Time: 00:03:15

Health: -6/249     AC:  4    Str: 23    XL:     27
Magic:  27/54      EV: 35    Int: 14    God:    Makhleb [******]
Gold:   0          SH:  0    Dex: 20    Spells: 80/80 levels left

rFire    . . .     SeeInvis .   k - +∞ Axe of Woe
rCold    . . .     Gourm    .   (shield currently unavailable)
rNeg     . . .     Faith    .   d - +0 robe
rPois    .         Spirit   .   (no helmet)
rElec    .         Reflect  .   (no cloak)
rCorr    .         Harm     .   (no gloves)
MR       ++...     NoTele   +   (no boots)
Stlth    +++++++++.             (no amulet)
HPRegen  0.51/turn              (no ring)
MPRegen  0.34/turn              (no ring)

@: no status effects
A: distributed training, fangs 1, strong nose
a: Minor Destruction, Lesser Servant of Makhleb, Major Destruction, Greater
Servant of Makhleb, Renounce Religion


You were in the Dungeon.
You worshipped Makhleb.
Makhleb was exalted by your worship.
You were not hungry.

You visited 1 branch

Inventory:

Hand Weapons
 a - a +2 spear
 k - the +∞ Axe of Woe (weapon)
   (You found it in the Dungeon)
Armour
 c - a +0 buckler
 d - a +0 robe (worn)
Scrolls
 j - a scroll of blinking
Potions
 b - 2 potions of curing
 e - a potion of heal wounds
 g - a potion of haste
 h - 2 potions of magic
 i - a potion of berserk rage
Comestibles
 f - a ration


   Skills:
 O Level 27 Fighting
 O Level 27 Short Blades
 O Level 27 Long Blades
 O Level 27 Axes
 O Level 27 Maces & Flails
 O Level 27 Polearms
 O Level 27 Staves
 O Level 27 Slings
 O Level 27 Bows
 O Level 27 Crossbows
 O Level 27 Throwing
 O Level 27 Armour
 O Level 27 Dodging
 O Level 27 Stealth
 O Level 27 Shields
 O Level 27 Unarmed Combat
 O Level 27 Spellcasting
 O Level 27 Conjurations
 O Level 27 Hexes
 O Level 27 Charms
 O Level 27 Summonings
 O Level 27 Necromancy
 O Level 27 Translocations
 O Level 27 Transmutations
 O Level 27 Fire Magic
 O Level 27 Ice Magic
 O Level 27 Air Magic
 O Level 27 Earth Magic
 O Level 27 Poison Magic
 O Level 27 Invocations
 O Level 27 Evocations


You had 80 spell levels left.
You didn't know any spells.
Your spell library was empty.

Dungeon Overview and Level Annotations

Branches:
Dungeon (1/1)

Altars:
Makhleb


Innate Abilities, Weirdness & Mutations

Your experience applies equally to all skills.
You have very sharp teeth.
Your uncanny sense of smell can sniff out nearby items.


Message History

Makhleb accepts your kill.
You feel better.
The tentacled monstrosity disappears in a puff of smoke!
You hear a shout!
The tyrant waves its bony arms in wide circles.
The air twists around and strikes you!
* * * LOW HITPOINT WARNING * * *
You hear a shout! x3
The eight-headed meat hydra calls on the powers of darkness!
The eight-headed meat hydra convulses!
Something is bathed in an unholy light! x2
The bag of meat convulses!
Something is bathed in an unholy light!
Your body is wracked with pain!
* * * LOW HITPOINT WARNING * * *
Something is bathed in an unholy light! x2
The accursed casts a spell at you. Something smites you!
* * * LOW HITPOINT WARNING * * *
You feel something staring at you. Something smites you!
You die... ..... .oo

#.D. ..# . #...
..# . ..###.XX
..###..
..X.§X###......
...oML_.....V
#))...# #@)<)_#
#))...#
.....%_....%.
......###.%....
..###...
.%###.. . #...
..# . #o.. ..#
.....


.oo You could see an accursed, a tentacled monstrosity, a tyrant, an
eight-headed meat hydra, 2 large abominations and 2 bags of meat.

Vanquished Creatures
  3 hell beasts (D)
  A greater mummy (D)
  2 wraiths (D)
  15 vampire knights (D)
  20 ogres (D)
  6 two-headed ogres (D)
  4 liches (D)
  48 orcs (D)
  5 skeletal warriors (D)
  5 large abominations (D)
  5 small abominations (D)
  5 crawling corpses (D)
119 creatures vanquished.

Vanquished Creatures (others)
  A crawling corpse (D)
1 creature vanquished.

Grand Total: 120 creatures vanquished

Notes
Turn   | Place    | Note
-------+----------+-------------------------------------------
     0 | D        | Found the +∞ Axe of Woe
     0 | D        | epen the Gnoll Wanderer began the quest for the Orb.
     0 | D        | epen set off with the following items: a +2 spear, 2
                  | potions of curing, a +0 buckler, a +0 robe, a potion of
                  | heal wounds, a ration, a potion of haste, 2 potions of
                  | magic, a potion of berserk rage, a scroll of blinking
     0 | D        | Reached XP level 1. HP: 17/17 MP: 6/6
     2 | D        | Noticed a bag of meat
     3 | D        | Noticed a bag of meat
     5 | D        | Noticed a bag of meat
     5 | D        | Noticed a meat berserker
     8 | D        | Noticed a bag of meat
     8 | D        | Noticed a meat berserker
    11 | D        | Became a worshipper of Makhleb the Destroyer
    12 | D        | Killed a bag of meat
    12 | D        | Reached skill level 10 in Short Blades
    12 | D        | Reached skill level 10 in Long Blades
    12 | D        | Reached skill level 10 in Axes
    12 | D        | Reached skill level 10 in Maces & Flails
    12 | D        | Reached skill level 10 in Staves
    12 | D        | Reached skill level 10 in Slings
    12 | D        | Reached skill level 10 in Bows
    12 | D        | Reached skill level 10 in Crossbows
    12 | D        | Reached skill level 10 in Throwing
    12 | D        | Reached skill level 10 in Armour
    12 | D        | Reached skill level 10 in Stealth
    12 | D        | Reached skill level 10 in Unarmed Combat
    12 | D        | Reached skill level 10 in Poison Magic
    12 | D        | Reached skill level 10 in Evocations
    12 | D        | Reached XP level 2. HP: 37/37 MP: 6/14
    12 | D        | Reached XP level 3. HP: 43/43 MP: 6/16
    12 | D        | Reached XP level 4. HP: 50/50 MP: 6/17
    12 | D        | Reached XP level 5. HP: 55/55 MP: 6/19
    12 | D        | Reached XP level 6. HP: 62/62 MP: 6/20
    12 | D        | Reached XP level 7. HP: 68/68 MP: 6/22
    12 | D        | Reached XP level 8. HP: 75/75 MP: 6/23
    12 | D        | Reached XP level 9. HP: 81/81 MP: 6/24
    12 | D        | Reached XP level 10. HP: 87/87 MP: 6/25
    12 | D        | Reached XP level 11. HP: 93/93 MP: 6/26
    12 | D        | Reached XP level 12. HP: 100/100 MP: 6/27
    12 | D        | Killed a meat berserker
    12 | D        | Reached * piety under Makhleb
    12 | D        | Reached XP level 13. HP: 112/112 MP: 6/31
    12 | D        | Reached XP level 14. HP: 119/119 MP: 6/32
    12 | D        | Noticed a bag of meat
    13 | D        | Killed a bag of meat
    13 | D        | Reached skill level 15 in Shields
    13 | D        | Reached skill level 15 in Spellcasting
    13 | D        | Reached skill level 15 in Invocations
    13 | D        | Killed a meat berserker
    13 | D        | Reached XP level 15. HP: 131/131 MP: 6/35
    15 | D        | Reached ** piety under Makhleb
    15 | D        | Reached XP level 16. HP: 140/140 MP: 7/37
    15 | D        | Noticed a meat berserker
    16 | D        | Reached skill level 15 in Summonings
    16 | D        | Reached skill level 15 in Poison Magic
    18 | D        | Noticed a meat berserker
    19 | D        | Noticed a meat berserker
    19 | D        | Killed a meat berserker
    19 | D        | Reached XP level 17. HP: 151/151 MP: 8/40
    23 | D        | Killed a meat berserker
    23 | D        | Reached *** piety under Makhleb
    23 | D        | Reached XP level 18. HP: 162/162 MP: 9/42
    24 | D        | Reached **** piety under Makhleb
    25 | D        | Killed a meat berserker
    25 | D        | Reached XP level 19. HP: 174/174 MP: 9/45
    26 | D        | Noticed a large bag of meat
    26 | D        | Noticed a destroyer
    26 | D        | Noticed a destroyer
    27 | D        | Reached ***** piety under Makhleb
    27 | D        | Noticed a meat berserker
    28 | D        | Noticed a meat berserker
    28 | D        | Noticed a large bag of meat
    28 | D        | Noticed a destroyer
    29 | D        | Killed a destroyer
    29 | D        | Reached XP level 20. HP: 188/188 MP: 10/48
    29 | D        | Noticed a meat berserker
    32 | D        | Reached skill level 27 in Invocations
    32 | D        | Reached XP level 21. HP: 199/199 MP: 11/50
    32 | D        | Noticed a large bag of meat
    33 | D        | Killed a meat berserker
    33 | D        | Killed a destroyer
    33 | D        | Reached skill level 27 in Fighting
    33 | D        | Reached skill level 27 in Polearms
    33 | D        | Reached skill level 27 in Dodging
    33 | D        | Reached skill level 27 in Shields
    33 | D        | Reached skill level 27 in Spellcasting
    33 | D        | Reached XP level 22. HP: 212/212 MP: 11/53
    33 | D        | Reached skill level 27 in Short Blades
    33 | D        | Reached skill level 27 in Long Blades
    33 | D        | Reached skill level 27 in Axes
    33 | D        | Reached skill level 27 in Maces & Flails
    33 | D        | Reached skill level 27 in Staves
    33 | D        | Reached skill level 27 in Slings
    33 | D        | Reached skill level 27 in Bows
    33 | D        | Reached skill level 27 in Crossbows
    33 | D        | Reached skill level 27 in Throwing
    33 | D        | Reached skill level 27 in Armour
    33 | D        | Reached skill level 27 in Stealth
    33 | D        | Reached skill level 27 in Unarmed Combat
    33 | D        | Reached skill level 27 in Evocations
    35 | D        | Reached ****** piety under Makhleb
    35 | D        | Killed a large bag of meat
    35 | D        | Reached skill level 27 in Conjurations
    35 | D        | Reached skill level 27 in Hexes
    35 | D        | Reached skill level 27 in Charms
    35 | D        | Reached skill level 27 in Summonings
    35 | D        | Reached skill level 27 in Necromancy
    35 | D        | Reached skill level 27 in Translocations
    35 | D        | Reached skill level 27 in Transmutations
    35 | D        | Reached skill level 27 in Fire Magic
    35 | D        | Reached skill level 27 in Ice Magic
    35 | D        | Reached skill level 27 in Air Magic
    35 | D        | Reached skill level 27 in Earth Magic
    35 | D        | Reached skill level 27 in Poison Magic
    35 | D        | Reached XP level 23. HP: 219/219 MP: 12/54
    35 | D        | Killed a large bag of meat
    39 | D        | Killed a destroyer
    39 | D        | Reached XP level 24. HP: 227/227 MP: 13/54
    41 | D        | Reached XP level 25. HP: 234/234 MP: 13/54
    41 | D        | Noticed a destroyer
    42 | D        | Noticed a destroyer
    44 | D        | Killed a large bag of meat
    44 | D        | Noticed a destroyer
    45 | D        | Reached XP level 26. HP: 242/242 MP: 14/54
    47 | D        | Killed a destroyer
    47 | D        | Noticed a destroyer
    48 | D        | Killed a destroyer
    48 | D        | Reached XP level 27. HP: 249/249 MP: 15/54
    48 | D        | Noticed a destroyer
    49 | D        | Noticed a tyrant
    50 | D        | Noticed a destroyer
    50 | D        | Noticed a destroyer
    51 | D        | Noticed a large bag of meat
    52 | D        | Noticed a destroyer
    53 | D        | Killed a destroyer
    54 | D        | Noticed a large bag of meat
    55 | D        | Noticed a large bag of meat
    55 | D        | Noticed a tyrant
    55 | D        | Killed a large bag of meat
    56 | D        | Killed a tyrant
    57 | D        | Killed a destroyer
    58 | D        | Killed a destroyer
    61 | D        | Noticed a destroyer
    61 | D        | Noticed a meat beast
    61 | D        | Killed a tyrant
    61 | D        | Killed a destroyer
    63 | D        | Killed a destroyer
    63 | D        | Killed a destroyer
    64 | D        | Killed a meat beast
    66 | D        | Killed a large bag of meat
    67 | D        | Killed a destroyer
    67 | D        | Noticed a tyrant
    67 | D        | Noticed a tyrant
    68 | D        | Noticed a dread
    69 | D        | Noticed a meat beast
    70 | D        | Noticed a destroyer
    71 | D        | Killed a large bag of meat
    72 | D        | Noticed a dread
    72 | D        | Killed a meat beast
    73 | D        | Noticed an accursed
    73 | D        | Noticed a tyrant
    75 | D        | Noticed a destroyer
    76 | D        | Noticed a meat beast
    77 | D        | Noticed a destroyer
    80 | D        | Killed a tyrant
    80 | D        | Killed a dread
    80 | D        | Noticed an accursed
    82 | D        | Killed a meat beast
    82 | D        | Killed a tyrant
    84 | D        | Killed an accursed
    84 | D        | Killed a destroyer
    86 | D        | Killed a dread
    86 | D        | Killed a destroyer
    86 | D        | Noticed a destroyer
    89 | D        | Killed a destroyer
    92 | D        | HP: 7/249 [accursed/divine providence (12)]
    92 | D        | Killed from afar by an observer

Skill      XL: |  1  2  3  4  5  6  7  8  9 10 11 12 13 14 15 16 17 18 19 20 21 22 |
---------------+-------------------------------------------------------------------+-----
Fighting       | 11 13 16 18 20 21 24 25 27 | 27.0
Short Blades   | 10 13 16 18 20 21 24 25 26 27 | 27.0
Long Blades    | 10 13 16 18 20 21 24 25 26 27 | 27.0
Axes           | 10 13 16 18 20 21 24 25 26 27 | 27.0
Maces & Flails | 10 13 16 18 20 21 24 25 26 27 | 27.0
Polearms       | 11 13 16 18 20 21 24 25 27 | 27.0
Staves         | 10 13 16 18 20 21 24 25 26 27 | 27.0
Slings         | 10 13 16 18 20 21 24 25 26 27 | 27.0
Bows           | 10 13 16 18 20 21 24 25 26 27 | 27.0
Crossbows      | 10 13 16 18 20 21 24 25 26 27 | 27.0
Throwing       | 10 13 16 18 20 21 24 25 26 27 | 27.0
Armour         | 10 13 16 18 20 21 24 25 26 27 | 27.0
Dodging        | 11 13 16 18 20 21 24 25 27 | 27.0
Stealth        | 10 13 16 18 20 21 24 25 26 27 | 27.0
Shields        | 11 14 16 17 18 20 22 24 25 27 | 27.0
Unarmed Combat | 10 13 16 18 20 21 24 25 26 27 | 27.0
Spellcasting   | 11 14 16 17 19 20 22 24 25 27 | 27.0
Conjurations   | 9 11 13 14 16 17 19 20 22 23 27 | 27.0
Hexes          | 9 11 13 14 16 17 19 20 22 23 27 | 27.0
Charms         | 9 11 13 14 16 17 19 20 22 23 27 | 27.0
Summonings     | 9 11 14 16 17 19 21 22 23 27 | 27.0
Necromancy     | 9 11 13 14 16 17 19 20 22 23 27 | 27.0
Translocations | 9 11 13 14 16 17 19 20 22 23 27 | 27.0
Transmutations | 9 11 13 14 16 17 19 20 22 23 27 | 27.0
Fire Magic     | 9 11 13 14 16 17 19 20 22 23 27 | 27.0
Ice Magic      | 9 11 13 14 16 17 19 20 22 23 27 | 27.0
Air Magic      | 9 11 13 14 16 17 19 20 22 23 27 | 27.0
Earth Magic    | 9 11 13 14 16 17 19 20 22 23 27 | 27.0
Poison Magic   | 10 12 14 16 17 19 21 22 23 27 | 27.0
Invocations    | 11 14 17 18 19 21 23 25 27 | 27.0
Evocations     | 10 13 16 18 20 21 24 25 26 27 | 27.0

Action                   |  1- 3 |  4- 6 |  7- 9 | 10-12 | 13-15 | 16-18 | 19-21 | 22-24 | 25-27 || total
-------------------------+-------+-------+-------+-------+-------+-------+-------+-------+-------++-------
Melee: Executioner's axe |     1 |       |       |       |     2 |     5 |     6 |     7 |    43 ||    64
Dodge: Dodged            |     2 |       |       |       |       |       |       |       |     3 ||     5
